 Dungeon Crawl Stone Soup version 0.29.0-15-g675c0067aa (webtiles) character file.

Game seed: 11505702386349623163

42 qw the Sneak (level 3, -5/23 HPs)
             Began as a Gargoyle Delver on Sept 11, 2022.
             Was an Initiate of Okawaru.
             Splashed by a jelly's acid (10 damage)
             ... on level 5 of the Dungeon.
             The game lasted 00:00:07 (555 turns).

qw the Sneak (Gargoyle Delver)                       Turns: 555, Time: 00:00:08

Health: -5/23      AC: -9    Str: 17    XL:     3   Next: 54%
Magic:  3/3        EV: 11    Int: 10    God:    Okawaru [......]
Gold:   21         SH:  0    Dex: 11    Spells: 2/2 levels left

rFire   . . .      SeeInvis .   a - +0 hand axe
rCold   . . .      Faith    .   (no shield)
rNeg    + . .      Spirit   .   b - +0 leather armour
rPois   inf        Reflect  .   (no helmet)
rElec   +          Harm     .   (no cloak)
rCorr   .          Rampage  .   (no gloves)
Will    .....                   (no boots)
Stlth   +++.......              (no amulet)
HPRegen 0.07/turn               (no ring)
MPRegen 0.08/turn               (no ring)

@: corroded
A: sickness immunity, AC +3, negative energy resistance 1, electricity
resistance, torment resistance 1, petrification resistance
a: Renounce Religion


You were on level 5 of the Dungeon.
You worshipped Okawaru.
Okawaru was noncommittal.
You visited 2 branches of the dungeon, and saw 2 of its levels.

You collected 21 gold pieces.


Innate Abilities, Weirdness & Mutations

You are immune to sickness and miasma.
Your stone body is resilient. (AC +3)
You are immune to poison.
You resist negative energy. (rN+)
You are resistant to electric shocks. (rElec)
You are resistant to unholy torment.
You are immune to petrification.


   Skills:
 - Level 3.2 Fighting
 + Level 3.4 Axes
 - Level 1.5 Dodging
 - Level 5.4 Stealth


You had 2 spell levels left.
You didn't know any spells.
Your spell library was empty.

Inventory:

Hand Weapons
 a - a +0 hand axe (weapon)
Armour
 b - a +0 leather armour (worn)
Wands
 g - a wand of digging (3)
Scrolls
 c - a scroll of enchant armour {unknown}
 d - 2 scrolls of identify {unknown}
Potions
 f - a potion of haste

Dungeon Overview and Level Annotations

Branches:
Dungeon (5/15)             Temple (1/1) D:5

Altars:
Ashenzari
Fedhas
Hepliaklqana
Makhleb
Nemelex Xobeh
Okawaru
Qazlal
Trog
Uskayaw
Wu Jian
Yredelemnul
Zin
The Shining One


Message History

You barely miss the hound. The hound bites you.
The hound completely misses you.
A jelly comes into view.
The jelly quivers.
You hit the hound.
The hound is moderately wounded.
The hound bites you. The hound bites you but does no damage.
You hit the hound.
The hound is heavily wounded.
The hound barely misses you. The hound bites you.
You hit the hound.
The hound is severely wounded.
The hound bites you.
The jelly jiggles.
You hit the hound.
The hound is severely wounded.
The hound bites you but does no damage. x2
You hit the hound.
You kill the hound!
Okawaru accepts your kill.
Your Axes skill increases to level 3!
You have reached level 3!
Your experience leads to an increase in your attributes!
Increase (S)trength, (I)ntelligence, or (D)exterity?
You feel stronger. x2
You hit the jelly. The acid corrodes you!
Your hands burn!
The jelly is lightly wounded.
The jelly hits you.
You are splashed with acid!
552 ||| DRINKING potion of heal wounds.
You feel much better. The jelly closely misses you.
You hit the jelly. The acid corrodes you!
Your hands burn!
The jelly is heavily wounded.
The jelly closely misses you.
You hit the jelly but do no damage. The acid corrodes you!
Your hands burn!
The jelly is heavily wounded.
The jelly closely misses you.
You hit the jelly.
Your hands burn!
The jelly is almost dead.
The jelly hits you. The acid corrodes you!
You are splashed with acid!
The jelly hits you.
You are splashed with acid!
You die...

......###...#?## .7
....(. #...##.# 7
..#....#...##.# #
##.#...#.##.#
#########
#.###...##.#
#........
###.##.#####.......#
#.##.........#....
#.##..###...##.###
#@##......###....#
#J###.##.## #.##.#
.h# #...... .. .#
.#.. #.##. .### .
..... ..... .. . #.
.......## # ..
......# #. ......


You could see a black bear and a jelly.

Vanquished Creatures
  A hound (D:5)
  An adder (D:5)
  A dart slug (D:5)
3 creatures vanquished.

Notes
Turn   | Place    | Note
-------+----------+-------------------------------------------
     0 | D:5      | qw the Gargoyle Delver began the quest for the Orb.
     0 | D:5      | Reached XP level 1. HP: 14/14 MP: 1/1
     0 | D:5      | 0 ||| qw: Version: 0.1-a-118-gb4e7ce6
     0 | D:5      | 0 ||| qw: Game counter: 10376
     0 | D:5      | 0 ||| qw: Always use a shield: true
     0 | D:5      | 0 ||| qw: God list: Okawaru
     0 | D:5      | 0 ||| qw: Allow faded altars: false
     0 | D:5      | 0 ||| qw: Do Orc after D:15 true
     0 | D:5      | 0 ||| qw: Do second Lair branch before Depths: true
     0 | D:5      | 0 ||| qw: Lair rune preference: random
     0 | D:5      | 0 ||| qw: Plans: Normal
     0 | D:5      | 0 ||| PLANNING D:1-11
    44 | D:5      | Found a staircase to the Ecumenical Temple.
    45 | D:5      | 45 ||| PLANNING TEMPLE
    49 | D:5      | 49 ||| DROPPING ring of wizardry.
    56 | D:5      | Reached XP level 2. HP: 13/19 MP: 2/2
   140 | D:5      | 140 ||| DRINKING 2 blue potions.
   141 | D:5      | 141 ||| DROPPING scroll of fog.
   142 | D:5      | 142 ||| DROPPING scroll of magic mapping.
   143 | D:5      | 143 ||| DROPPING scroll of fear.
   147 | D:5      | 147 ||| Stepping ~*~*~tactically~*~*~ (hiding).
   261 | Temple   | Entered the Ecumenical Temple
   498 | Temple   | 498 ||| PLANNING D:1-11
   504 | Temple   | Became a worshipper of Warmaster Okawaru
   535 | D:5      | Noticed a black bear
   551 | D:5      | Reached skill level 3 in Axes
   551 | D:5      | Reached XP level 3. HP: 14/23 MP: 3/3
   551 | D:5      | HP: 5/23 [acid (7)]
   552 | D:5      | 552 ||| DRINKING potion of heal wounds.
   555 | D:5      | Splashed by a jelly's acid

Levels and vault maps discovered:
D:5:      layout_rooms, minmay_temple_entry_tees, kennysheep_flooded_box,
          uniq_crazy_yiuf_cottage
Temple:   oiseaux_autumnal_temple

Skill      XL: |  1  2 |
---------------+-------+-----
Axes           | 2 3 |  3.4
Fighting       | |  3.2
Dodging        | |  1.5
Stealth        | |  5.4

Action                   || total
-------------------------++-------
Melee: Hand axe          ||    18
  Use: Potion            ||     2
Armor: Leather armour    ||     6
Dodge: Dodged            ||     8

Table legend:
 A = Non-vault XP
 B = Vault XP
 C = Vault XP percentage of total XP
 D = Non-vault monster count
 E = Vault monster count
 F = Vault count percentage of total count
                 A         B        C        D         E       F
            +---------+---------+-------+---------+---------+-------
      Total |      60 |       0 |   0.0 |       3 |       0 |   0.0
            +---------+---------+-------+---------+---------+-------
        D:5 |      60 |       0 |   0.0 |       3 |       0 |   0.0
            +---------+---------+-------+---------+---------+-------
